 Dungeon Crawl Stone Soup version 0.23-a0-386-g9c9d49f (webtiles) character file.

223 Gorglomux the Magician (level 6, 0/44 HPs)
             Began as a Gnoll Wizard on Oct 28, 2018.
             Succumbed to an adder's poison
             ... on level 4 of the Dungeon.
             The game lasted 00:05:44 (2992 turns).

Gorglomux the Magician (Gnoll Wizard)               Turns: 2992, Time: 00:05:44

Health: 0/44       AC:  2    Str: 10    XL:     6   Next: 0%
Magic:  16/16      EV: 14    Int: 27    God:
Gold:   161        SH:  0    Dex: 13    Spells: 8/19 levels left

rFire    . . .     SeeInvis .   b - +0 spear
rCold    . . .     Gourm    .   (no shield)
rNeg     . . .     Faith    .   p - +0 robe
rPois    .         Spirit   .   s - +0 hat
rElec    .         Reflect  .   (no cloak)
rCorr    .         Harm     .   (no gloves)
MR       .....                  (no boots)
Stlth    +++.......             (no amulet)
HPRegen  0.14/turn              (no ring)
MPRegen  0.15/turn              (no ring)

@: brilliant, lethally poisoned (0 -> -11), berserk cooldown, flying, slowed,
very slow
A: distributed training, fangs 1, strong nose
a: no special abilities


You were on level 4 of the Dungeon.
You were not hungry.

You visited 1 branch of the dungeon, and saw 4 of its levels.

You collected 161 gold pieces.

Inventory:

Hand Weapons
 a - a +2 dagger of speed
 b - a +0 spear (weapon)
Missiles
 e - 48 bolts
Armour
 p - a +0 robe (worn)
 s - a +0 hat (worn)
 R - a +0 leather armour
 Z - a +0 shield
Jewellery
 g - a +6 amulet of reflection {unknown}
 P - an uncursed amulet of harm {unknown}
Scrolls
 h - a scroll of noise {unknown}
 k - 2 scrolls of enchant weapon {unknown}
 m - a scroll of identify {unknown}
 q - a scroll of remove curse {unknown}
 r - a scroll of fog {unknown}
 T - 6 scrolls of teleportation
 V - 2 scrolls of magic mapping {unknown}
Potions
 S - a potion of invisibility {unknown}
 U - a potion of degeneration {unknown}
 W - a potion of ambrosia {unknown}
 Y - a potion of heal wounds {unknown}
Comestibles
 d - 6 rations
 X - 2 chunks of flesh


   Skills:
 + Level 1.6 Fighting
 + Level 1.6 Short Blades
 + Level 1.6 Long Blades
 + Level 1.6 Axes
 + Level 1.6 Maces & Flails
 + Level 1.6 Polearms
 + Level 1.6 Staves
 + Level 1.6 Slings
 + Level 1.6 Bows
 + Level 1.6 Crossbows
 + Level 1.6 Throwing
 + Level 1.6 Armour
 + Level 4.8 Dodging
 + Level 4.5 Stealth
 + Level 1.6 Shields
 + Level 1.6 Unarmed Combat
 + Level 7.3 Spellcasting
 + Level 2.5 Conjurations
 + Level 1.3 Hexes
 + Level 1.3 Charms
 + Level 2.5 Summonings
 + Level 1.3 Necromancy
 + Level 2.5 Translocations
 + Level 1.3 Transmutations
 + Level 1.3 Fire Magic
 + Level 1.3 Ice Magic
 + Level 1.3 Air Magic
 + Level 1.3 Earth Magic
 + Level 1.3 Poison Magic
 + Level 1.9 Invocations
 + Level 1.6 Evocations


You had 8 spell levels left.
You knew the following spells:

 Your Spells              Type           Power        Failure   Level  Hunger
a - Magic Dart            Conj           ####         1%          1    None
b - Call Imp              Summ           #####...     1%          2    None
d - Blink                 Tloc           N/A          1%          2    None
j - Conjure Flame         Conj/Fire      #####...     1%          3    None
m - Mephitic Cloud        Conj/Pois/Air  #####...     1%          3    None

Your spell library contained the following spells:

 Spells                   Type           Power        Failure   Level  Hunger
 Slow                     Hex            ####....     1%          2    None


Dungeon Overview and Level Annotations

Branches:
Dungeon (4/15)
 Temple: D:4-7

Altars:
Trog


Innate Abilities, Weirdness & Mutations

Your experience applies equally to all skills.
You have very sharp teeth.
Your uncanny sense of smell can sniff out nearby items.


Message History

You butt the adder like a kebab!!!
Butt annihilate the adder!!!
You have reached level 6!!!
Your experience leads to an increase in your attributes!!!
Your base attributes are Str 9, Int 22, Dex 13!
Increase (S)trength, (I)ntelligence, or (D)butt?
You feel stronger! * * * don't die
* * * You feel sick!
Butt butt a strong urge to attack something! * * * don't die
* * * You feel sick!
You see here 23 poisoned needles! * * * butt't die
* * * You feel sick!
You feel your anger nearly subside!
You are no longer berserk!
You are exhausted!
You feel yourself slow down! rip

#.....# ...
#.....# #'#
#######....
#.....# #.#
#PPP.P#....
#.....# #†#
#.$$$......
####### #.#
#.$$$P... #Z#
#.$$$P..
#.###PPPPP#
#.(..#.#..#######.
#@................
#....####.########
#....# #(........
#....# #.........
#....# ##.#######
#....# #........
#.#+## #########
#.# ∆ #.


You could see a jackal skeleton.

Vanquished Creatures
  An ogre (D:4)
  A howler monkey (D:4)
  An iguana (D:4)
  3 adders
  2 oozes
  3 worms
  3 leopard geckos
  7 orcs
  6 bats
  2 giant cockroaches (D:3)
  3 goblins
  7 hobgoblins
  A jackal (D:3)
  A quokka (D:3)
  A ball python (D:3)
  2 frilled lizards
  3 kobolds (D:1)
  4 rats
51 creatures vanquished.

Vanquished Creatures (collateral kills)
  A hobgoblin (D:3)
  3 jackals (D:3)
4 creatures vanquished.

Vanquished Creatures (others)
  5 toadstools (D:4)
5 creatures vanquished.

Grand Total: 60 creatures vanquished

Notes
Turn   | Place    | Note
-------+----------+-------------------------------------------
     0 | D:1      | Gorglomux the Gnoll Wizard began the quest for the Orb.
     0 | D:1      | Reached XP level 1. HP: 13/13 MP: 8/8
   279 | D:1      | Reached XP level 2. HP: 19/19 MP: 6/10
   306 | D:1      | Learned a level 2 spell: Blink
   309 | D:1      | Learned a level 2 spell: Call Imp
   962 | D:2      | Reached XP level 3. HP: 25/25 MP: 9/11
   991 | D:2      | Learned a level 3 spell: Conjure Flame
   995 | D:2      | Learned a level 3 spell: Mephitic Cloud
  1062 | D:2      | Found a bloodstained altar of Trog.
  1795 | D:3      | Reached skill level 1 in Invocations
  1934 | D:3      | Reached skill level 1 in Fighting
  1934 | D:3      | Reached skill level 1 in Short Blades
  1934 | D:3      | Reached skill level 1 in Long Blades
  1934 | D:3      | Reached skill level 1 in Axes
  1934 | D:3      | Reached skill level 1 in Maces & Flails
  1934 | D:3      | Reached skill level 1 in Polearms
  1934 | D:3      | Reached skill level 1 in Staves
  1934 | D:3      | Reached skill level 1 in Slings
  1934 | D:3      | Reached skill level 1 in Bows
  1934 | D:3      | Reached skill level 1 in Crossbows
  1934 | D:3      | Reached skill level 1 in Throwing
  1934 | D:3      | Reached skill level 1 in Armour
  1934 | D:3      | Reached skill level 1 in Shields
  1934 | D:3      | Reached skill level 1 in Unarmed Combat
  1934 | D:3      | Reached skill level 1 in Evocations
  1934 | D:3      | Reached XP level 4. HP: 32/32 MP: 7/13
  2143 | D:3      | Found a bloodstained altar of Trog.
  2492 | D:4      | Noticed an ogre
  2511 | D:4      | Killed an ogre
  2511 | D:4      | Reached skill level 1 in Hexes
  2511 | D:4      | Reached skill level 1 in Charms
  2511 | D:4      | Reached skill level 1 in Necromancy
  2511 | D:4      | Reached skill level 1 in Transmutations
  2511 | D:4      | Reached skill level 1 in Fire Magic
  2511 | D:4      | Reached skill level 1 in Ice Magic
  2511 | D:4      | Reached skill level 1 in Air Magic
  2511 | D:4      | Reached skill level 1 in Earth Magic
  2511 | D:4      | Reached skill level 1 in Poison Magic
  2511 | D:4      | Reached XP level 5. HP: 36/37 MP: 6/14
  2988 | D:4      | Reached XP level 6. HP: 5/44 MP: 16/16
  2989 | D:4      | HP: 3/66 [poisoned by an adder]
  2992 | D:4      | Succumbed to an adder's poison

Vault maps used:
D:1:      dpeg_arrival_signposts, minmay_misc_feat_hallway,
          kennysheep_crisscross, kennysheep_nondescript
D:2:      serial_rivers, chequers_serial_rivers_micro_c,
          chequers_serial_rivers_micro_d, chequers_serial_rivers_marsh,
          chequers_serial_rivers_large_a, chequers_serial_rivers_micro_e,
          minmay_misc_feat_ornament, trog_three_pillars_becter
D:3:      bloody_trog
D:4:      minmay_gold_behind_fungi, nemelex_diamond_rough_becter

Skill      XL: |  1  2  3  4 |
---------------+-------------+-----
Conjurations   | 2 |  2.5
Summonings     | 2 |  2.5
Translocations | 2 |  2.5
Invocations    | 1 |  1.9
Fighting       | 1 |  1.6
Short Blades   | 1 |  1.6
Long Blades    | 1 |  1.6
Axes           | 1 |  1.6
Maces & Flails | 1 |  1.6
Polearms       | 1 |  1.6
Staves         | 1 |  1.6
Slings         | 1 |  1.6
Bows           | 1 |  1.6
Crossbows      | 1 |  1.6
Throwing       | 1 |  1.6
Armour         | 1 |  1.6
Shields        | 1 |  1.6
Unarmed Combat | 1 |  1.6
Evocations     | 1 |  1.6
Hexes          | 1 |  1.3
Charms         | 1 |  1.3
Necromancy     | 1 |  1.3
Transmutations | 1 |  1.3
Fire Magic     | 1 |  1.3
Ice Magic      | 1 |  1.3
Air Magic      | 1 |  1.3
Earth Magic    | 1 |  1.3
Poison Magic   | 1 |  1.3
Dodging        | |  4.8
Stealth        | |  4.5
Spellcasting   | |  7.3

Action                   |  1- 3 |  4- 6 || total
-------------------------+-------+-------++-------
Melee: Dagger            |    14 |    10 ||    24
       Bite              |     2 |       ||     2
       Spear             |       |    62 ||    62
 Cast: Magic Dart        |    66 |    42 ||   108
       Call Imp          |     2 |     4 ||     6
       Conjure Flame     |       |     6 ||     6
  Use: Scroll            |     1 |       ||     1
       Potion            |       |     3 ||     3
  Eat: Chunk             |     3 |     3 ||     6
Armor: Robe              |     1 |     1 ||     2
Dodge: Dodged            |     6 |    18 ||    24

Table legend:
 A = Non-vault XP
 B = Vault XP
 C = Vault XP percentage of total XP
 D = Non-vault monster count
 E = Vault monster count
 F = Vault count percentage of total count
                 A         B        C        D         E       F
            +---------+---------+-------+---------+---------+-------
      Total |     319 |       0 |   0.0 |      55 |       0 |   0.0
            +---------+---------+-------+---------+---------+-------
        D:1 |      30 |       0 |   0.0 |      18 |       0 |   0.0
        D:2 |      26 |       0 |   0.0 |       8 |       0 |   0.0
        D:3 |      50 |       0 |   0.0 |      18 |       0 |   0.0
        D:4 |     213 |       0 |   0.0 |      11 |       0 |   0.0
            +---------+---------+-------+---------+---------+-------
